 Dungeon Crawl Stone Soup version 0.32-a0-872-g59262bdc9b (webtiles) character file.

Game seed: 7278608231239480494

98 whatisthis the Sneak (level 5, -1/28 HPs)
             Began as a Kobold Enchanter on Mar 30, 2024.
             Killed from afar by Natasha (3 damage)
             ... with a magic dart
             ... on level 2 of the Dungeon.
             The game lasted 00:03:46 (755 turns).

whatisthis the Sneak (Kobold Enchanter)              Turns: 755, Time: 00:03:47

Health: -1/28      AC:  9    Str:  5    XL:     5   Next: 0%
Magic:  8/8        EV: 15    Int: 16    God:
Gold:   61         SH:  0    Dex: 18    Spells: 8/8 levels left

rFire   . . .        a - +1 dagger
rCold   . . .        (no shield)
rNeg    . . .        b - +0 robe
rPois   .            (no helmet)
rElec   .            l - +2 cloak
rCorr   .            (no gloves)
SInv    .            (no boots)
Will    .....        (no amulet)
Stlth   ++++         f - +4 ring of protection
HPRegen 0.24/turn    (no ring)
MPRegen 0.11/turn

%: no passive effects
@: slowed, invisible, very slow
A: small, no large weapons, nightstalker 3
a: no special abilities


You were on level 2 of the Dungeon.
You visited 1 branch of the dungeon, and saw 2 of its levels.

You collected 61 gold pieces.

Inventory:

Hand Weapons
 a - a +1 dagger (weapon)
 i - a +0 short sword
Missiles
 e - 6 poisoned darts (quivered)
Armour
 b - a +0 robe (worn)
 l - a +2 cloak (worn)
Jewellery
 f - a +4 ring of protection (left hand)
Scrolls
 j - a scroll of identify {unknown}
Potions
 c - a potion of invisibility
 d - a potion of heal wounds {unknown}
 g - a potion of resistance {unknown}
 h - a potion of mutation {unknown}
 k - a potion of ambrosia {unknown}


   Skills:
 + Level 3.5 Short Blades
 + Level 3.8 Dodging
 + Level 5.3 Stealth
 - Level 2.1 Spellcasting
 - Level 3.0 Hexes


You had 8 spell levels left.
You didn't know any spells.
Your spell library contained the following spells:

 Spells                   Type           Power      Damage    Failure   Level
 Ensorcelled Hibernation  Hex/Ice        12%        N/A       17%         2
 Confusing Touch          Hex            11%        N/A       19%         3
 Tukima's Dance           Hex            11%        N/A       19%         3
 Dazzling Flash           Conj/Hex       12%        N/A       32%         3


Dungeon Overview and Level Annotations

Branches:
Dungeon (2/15)

Altars:

Annotations:
D:2 Natasha


Innate Abilities, Weirdness & Mutations

You are small and have problems with some larger weapons.
You are completely attuned to the shadows.


Message History

Natasha misses you.
You closely miss Natasha.
Natasha is heavily wounded.
Natasha closely misses you.
You barely miss Natasha.
Natasha is heavily wounded.
Natasha misses you.
You hit Natasha.
Natasha is severely wounded.
Natasha claws you.
* * * LOW HITPOINT WARNING * * *
Natasha claws you.
* * * LOW HITPOINT WARNING * * *
You barely miss Natasha.
Natasha is severely wounded.
Natasha misses you.
You hit Natasha but do no damage.
Natasha is severely wounded.
Natasha casts a spell.
You closely miss Natasha.
Natasha is severely wounded.
Natasha claws you but does no damage.
You hit Natasha.
Natasha is severely wounded.
Natasha barely misses you. The cerulean imp misses you.
You hit Natasha.
Natasha is almost dead.
Natasha closely misses you.
The cerulean imp hits you but does no damage.
Natasha claws you!
* * * LOW HITPOINT WARNING * * *
Okay, then.
You fade into invisibility!
The cerulean imp closely misses you. Natasha misses you.
The cerulean imp barely misses you. Natasha attacks as she pursues you!
Natasha claws you but does no damage. Natasha casts a spell at you.
The magic dart hits you.
You die...
Natasha curls up and begins to purr.

###..........#
+..>###......###
.#..............#
....#.######.#### #....#.##
#.# ...†..#.## #.# #. .
##.....#.###.# #.# #
........#.##.##.# #
#..#.....#.#@#.# #
#......#.#h# .......#.#5...
#..# .......#.....
#..#........#.....
..#....ß...# ....
####.#..ß...ß## .... ...
#.##.#........#.....# #..#
###.............#.....###..#
#


You could see Natasha and a cerulean imp (summoned, unable to see you).

Vanquished Creatures
  Crazy Yiuf (D:2)
  Natasha (D:2)
  2 adders (D:2)
  2 bats
  4 endoplasms
  3 giant cockroaches
  2 goblins
  2 hobgoblins (D:1)
  3 quokkas
  2 frilled lizards (D:1)
  2 kobolds
24 creatures vanquished.

Notes
Turn   | Place    | Note
-------+----------+-------------------------------------------
     0 | D:1      | whatisthis the Kobold Enchanter began the quest for the
                  | Orb.
     0 | D:1      | Reached XP level 1. HP: 10/10 MP: 3/3
    63 | D:1      | You fall into a shaft and drop 1 floor!
   152 | D:1      | Reached XP level 2. HP: 14/15 MP: 5/5
   534 | D:2      | Reached XP level 3. HP: 19/19 MP: 6/6
   657 | D:2      | Noticed Natasha
   660 | D:2      | Killed Natasha
   661 | D:2      | Reached skill level 5 in Stealth
   661 | D:2      | Reached XP level 4. HP: 24/24 MP: 7/7
   681 | D:2      | Found a runed translucent door.
   684 | D:2      | Noticed Crazy Yiuf
   689 | D:2      | Killed Crazy Yiuf
   730 | D:2      | Noticed Natasha
   732 | D:2      | Reached XP level 5. HP: 18/28 MP: 8/8
   753 | D:2      | HP: 1/28 [Natasha (7)]
   755 | D:2      | Killed from afar by Natasha

Illustrated notes

Levels and vault maps discovered:
D:1:      ncdulo_lavacross, layout_rooms
D:2:      wad_pebble_path, layout_basic, basic_altar, serial_bayou_pond_b,
          nicolae_figureground_sparkle, uniq_crazy_yiuf_cottage, uniq_natasha,
          uniq_robin

Skill      XL: |  1  2  3 |
---------------+----------+-----
Short Blades   | 2 3 |  3.5
Dodging        | 3 |  3.8
Stealth        | 5 |  5.3
Spellcasting   | |  2.1
Hexes          | |  3.0

Action                     |  1- 3 |  4- 6 || total
---------------------------+-------+-------++-------
  Melee: Dagger            |    34 |    31 ||    65
    Use: Potion            |       |     1 ||     1
   Stab: Sleeping          |    16 |     1 ||    17
         Distracted        |     1 |       ||     1
 Armour: Robe              |    11 |    13 ||    24
  Dodge: Dodged            |    12 |    19 ||    31

Table legend: (Time is in decaauts)
 A = Elapsed time spent in this place.
 B = Non-inter-level travel time spent in this place.
 C = Inter-level travel time spent in this place.
 D = Time resting spent in this place.
 E = Time spent auto-exploring this place.
 F = Levels seen in this place.
 G = Mean time per level.
                   A        B        C        D        E       F      G
               +--------+--------+--------+--------+--------+-----+--------+
         Total |    749 |    728 |     21 |      0 |    311 |   2 |  374.5 |
       Dungeon |    749 |    728 |     21 |      0 |    311 |   2 |  374.5 |
               +--------+--------+--------+--------+--------+-----+--------+

Top non-repeatable levels by time:
     D:1: 450 daAuts
     D:2: 299 daAuts
